 Dungeon Crawl Stone Soup version 0.21.1-1-g345015f (webtiles) character file.

241 Harpaggios the Skirmisher (level 6, -2/53 HPs)
             Began as a Hill Orc Monk on July 2, 2018.
             Slain by a centaur
             ... wielding a +0 trident
              (11 damage)
             ... on level 5 of the Dungeon.
             The game lasted 00:19:14 (3575 turns).

Harpaggios the Skirmisher (Hill Orc Monk)           Turns: 3575, Time: 00:19:14

Health: -2/53      AC:  4    Str: 14    XL:     6   Next: 8%
Magic:  7/7        EV: 14    Int: 17    God:
Gold:   229        SH:  0    Dex: 17    Spells: 5/5 levels left

rFire    . . .     SeeInvis .   r - +10 long sword of Bevuhin {flame, Int+7 Dex+2}
rCold    . . .     Gourm    .   (no shield)
rNeg     . . .     Faith    .   b - +0 robe
rPois    .         Spirit   .   s - +1 helmet
rElec    .         Reflect  .   (no cloak)
rCorr    +         Harm     .   (no gloves)
MR       .....                  (no boots)
Stlth    ++........             n - amulet of rage
HPRegen  0.17/turn              t - ring of resist corrosion
MPRegen  0.10/turn              (no ring)

@: no status effects
A: no striking features
a: Evoke Berserk Rage


You were on level 5 of the Dungeon.
You were not hungry.

You visited 1 branch of the dungeon, and saw 5 of its levels.

You collected 229 gold pieces.

Inventory:

Hand Weapons
 o - a +2 whip of electrocution
 r - the +10 long sword of Bevuhin (weapon) {flame, Int+7 Dex+2}
   (You found it on level 4 of the Dungeon)

   It has been specially enchanted to burn those struck by it, causing extra
   injury to most foes and up to half again as much damage against particularly
   susceptible opponents.
   Big, fiery blades are also staple armaments of hydra-hunters.
   It affects your intelligence (+7).
   It affects your dexterity (+2).
Armour
 b - a +0 robe (worn)
 s - a +1 helmet (worn)
Jewellery
 n - an amulet of rage (around neck)
 t - a ring of resist corrosion (left hand)
Scrolls
 a - a scroll of enchant weapon {unknown}
 f - a scroll of remove curse {unknown}
 g - a scroll of amnesia {unknown}
 h - a scroll of teleportation {unknown}
 i - a scroll of blinking {unknown}
 k - a scroll of noise {unknown}
 l - 2 scrolls of magic mapping {unknown}
Potions
 d - a potion of haste {unknown}
 e - 4 potions of curing
 j - a potion of cancellation
 p - a potion of degeneration {unknown}
 q - a potion of might {unknown}
Books
 m - a book of Changes

   Spells                             Type                      Level
   a - Beastly Appendage              Transmutation                1
   b - Sticks to Snakes               Transmutation                2
   c - Spider Form                    Transmutation/Poison         3
   d - Ice Form                       Ice/Transmutation            4
   e - Blade Hands                    Transmutation                5
Comestibles
 c - 7 rations
 u - 6 chunks of flesh


   Skills:
 + Level 4.7 Fighting
 * Level 2.1 Long Blades
   Level 4.4 Axes
 - Level 0.5(2.3) Maces & Flails
 * Level 3.7 Dodging
 - Level 2.1 Stealth
 * Level 2.1 Evocations


You had 5 spell levels left.
You didn't know any spells.

Dungeon Overview and Level Annotations

Branches:
Dungeon (5/15)
 Temple: D:4-7

Altars:
Sif Muna

Annotations:
D:4 2 exclusions
D:5 2 exclusions


Message History

The centaur wields a shortbow.
The centaur shoots an arrow.
The arrow barely misses you.
You see here an arrow.
The centaur shoots an arrow.
The arrow hits you!
The centaur shoots an arrow.
The arrow hits you!
Things that are here:
2 arrows; a jackal skeleton The centaur shoots an arrow.
The arrow hits you.
You see here an arrow.
Okay, then.
Found a scroll of identify.
The centaur unwields an uncursed shortbow.
The centaur wields an uncursed trident.
The centaur hits you with an uncursed trident!
You slash the centaur! You burn the centaur.
The centaur is heavily wounded.
The centaur hits you with an uncursed trident!
* * * LOW HITPOINT WARNING * * *
The centaur hits you with an uncursed trident!
You die...

#.# #.# ###..##
#.##........#
#.<.......#.#
#.#######.#.# #####.##
# #.# .......# #.#.#
#####..# #.#.#########
.......# #...@.......#
######.##
###c#######?#
#...#######(#######.#
#.........รท.((.......
#...###########...c..
##### ###.#


You could see a centaur.

Vanquished Creatures
  A scorpion (D:4)
  2 killer bees (D:4)
  A worker ant (D:4)
  2 adders (D:3)
  An ooze (D:3)
  A worm (D:2)
  A dart slug (D:3)
  A leopard gecko (D:1)
  An orc (D:4)
  2 giant cockroaches
  5 goblins
  5 hobgoblins
  14 jackals
  A quokka (D:4)
  A ball python (D:1)
  3 bats
  3 frilled lizards
  A jackal skeleton (D:5)
  4 kobolds (D:1)
  10 rats
60 creatures vanquished.

Notes
Turn   | Place    | Note
-------+----------+-------------------------------------------
     0 | D:1      | Harpaggios the Hill Orc Monk began the quest for the Orb.
     0 | D:1      | Reached XP level 1. HP: 19/19 MP: 1/1
   214 | D:1      | Reached XP level 2. HP: 27/27 MP: 2/2
   924 | D:1      | Reached XP level 3. HP: 32/33 MP: 3/3
  2225 | D:3      | Reached XP level 4. HP: 31/40 MP: 4/4
  2770 | D:4      | Got an ancient long sword
  2771 | D:4      | Identified the +10 long sword of Bevuhin {flame, Int+7 Dex+2} (You found it on level 4 of the Dungeon)
  2830 | D:4      | Reached skill level 1 in Long Blades
  2830 | D:4      | Reached skill level 1 in Evocations
  2830 | D:4      | Reached XP level 5. HP: 47/47 MP: 5/5
  3122 | D:4      | Noticed an ogre
  3173 | D:4      | Found a deep blue altar of Sif Muna.
  3379 | D:5      | Entered Level 5 of the Dungeon
  3382 | D:4      | Reached XP level 6. HP: 47/53 MP: 7/7
  3575 | D:5      | Slain by a centaur

Skill      XL: |  1  2  3  4  5 |
---------------+----------------+-----
Fighting       | 4 |  4.7
Stealth        | 2 |  2.1
Dodging        | 3 |  3.7
Long Blades    | 1 2 |  2.1
Evocations     | 1 2 |  2.1
Axes           | |  4.4
Maces & Flails | |  0.5

Action                   |  1- 3 |  4- 6 || total
-------------------------+-------+-------++-------
Melee: Hand axe          |   126 |       ||   126
       Whip              |    15 |    18 ||    33
       Long sword        |       |    17 ||    17
Throw: Tomahawk          |       |     5 ||     5
  Use: Potion            |     1 |     1 ||     2
       Scroll            |     3 |     2 ||     5
 Stab: Sleeping          |     5 |     3 ||     8
  Eat: Chunk             |     3 |     5 ||     8
Armor: Robe              |    22 |     5 ||    27
Dodge: Dodged            |    91 |    20 ||   111
       Rpst.: Long sword |       |     5 ||     5
